 Dungeon Crawl Stone Soup version 0.31-a0-152-g6aa68a64a1 (webtiles) character file.

Game seed: 5656421269564461648

585 qw the Skirmisher (level 7, -4/62 HPs)
             Began as a Minotaur Hunter on June 9, 2023.
             Slain by a gnoll
             ... wielding a +0 halberd
              (11 damage)
             ... on level 4 of the Dungeon.
             The game lasted 00:01:01 (2284 turns).

qw the Skirmisher (Minotaur Hunter)                 Turns: 2284, Time: 00:01:02

Health: -4/62      AC:  5    Str: 15    XL:     7   Next: 15%
Magic:  0/6        EV: 11    Int:  6    God:
Gold:   190        SH:  0    Dex: 16    Spells: 6/6 levels left

rFire   . . .        Y - +0 shortbow
rCold   . . .        (shield currently unavailable)
rNeg    . . .        d - +0 ring mail
rPois   .            (helmet restricted)
rElec   .            (no cloak)
rCorr   .            (no gloves)
SInv    +            (no boots)
Will    .....        j - amulet of guardian spirit
Stlth   +            m - ring of see invisible
HPRegen 0.30/turn    (no ring)
MPRegen 0.10/turn

%: guardian spirit
@: about to teleport
A: horns 2, retaliatory headbutt
a: no special abilities


You were on level 4 of the Dungeon.
You visited 1 branch of the dungeon, and saw 4 of its levels.

You collected 190 gold pieces.


Innate Abilities, Weirdness & Mutations

You have a pair of horns on your head.
You reflexively headbutt those who attack you in melee.


   Skills:
 - Level 5.8 Fighting
 - Level 14.0 Ranged Weapons
 - Level 1.1 Armour
 + Level 2.8 Dodging
 - Level 0.7 Stealth


You had 6 spell levels left.
You didn't know any spells.
Your spell library was empty.

Inventory:

Hand Weapons
 Y - a +0 shortbow (weapon)
Armour
 d - a +0 ring mail (worn)
Jewellery
 j - an amulet of guardian spirit (around neck)
 m - a ring of see invisible (left hand)
Scrolls
 i - a scroll of identify
Potions
 c - 2 potions of resistance {unknown}
 e - a potion of attraction {unknown}
 f - a potion of brilliance {unknown}
 g - a potion of mutation {unknown}
 h - a potion of lignification {unknown}
 k - a potion of curing
 l - a potion of haste {unknown}
 n - a potion of enlightenment {unknown}

Dungeon Overview and Level Annotations

Branches:
Dungeon (4/15)
 Temple: D:4-7

Altars:
Fedhas

Shops:
D:2 =   D:4 :


Message History

The gnoll hits you from afar with a +0 halberd!
The orc priest invokes the aid of Beogh against you.
You struggle to resist.
You shoot an arrow.
The arrow closely misses the orc priest.
The orc priest closely misses you. You furiously retaliate!
You headbutt the orc priest. The gnoll barely misses you.
You shoot an arrow.
The arrow closely misses the orc priest.
You hear a shout!
A gnoll comes into view. It is wielding a +0 spear.
The gnoll closely misses you.
The orc priest hits you with a +0 dagger.
You shoot an arrow. The arrow hits the orc priest.
You kill the orc priest!
The gnoll hits you from afar with a +0 spear.
The gnoll hits you from afar with a +0 halberd!
2280 ||| READING scroll of teleportation.
As you read the scroll of teleportation, it crumbles to dust.
You feel strangely unstable. The ball python bites you.
The ball python grabs you. The ball python constricts you.
The ball python bites you but does no damage.
The ball python constricts you. The gnoll barely misses you.
The gnoll hits you from afar with a +0 spear.
You shoot an arrow. The arrow hits the ball python.
The ball python is moderately wounded.
The ball python closely misses you. The ball python constricts you.
You shoot an arrow.
The arrow closely misses the ball python.
The gnoll barely misses you. The gnoll hits you but does no damage.
The ball python bites you. The ball python constricts you.
You shoot an arrow. The arrow hits the ball python.
You kill the ball python!
The gnoll hits you but does no damage. The gnoll barely misses you.
You shoot an arrow. The arrow hits the gnoll!
The gnoll is heavily wounded.
The gnoll hits you from afar with a +0 spear.
The gnoll hits you from afar with a +0 halberd!
You die...

....... .. .......
#.# # oo.o... ..##
....S..g. ....
#......g.##..#
#.#.....)g..# .....
#g# .....g###g#
......)@..##
#.....%....########
.....#.###........#
#### ....
#.##########.###...
... #...# #.'\'.##
.. ##
..############## .
#.......# #
####.......#
##....<.....###


You could see 2 gnolls.

Vanquished Creatures
  Sigmund (D:3)
  2 orc priests
  An iguana (D:4)
  A gnoll (D:4)
  An adder (D:2)
  A dart slug (D:3)
  A worm (D:2)
  6 orcs
  2 bats (D:2)
  7 endoplasms
  3 giant cockroaches
  3 goblins
  4 hobgoblins
  4 jackals (D:2)
  6 kobolds
  2 quokkas (D:2)
  8 ball pythons
  8 frilled lizards
  4 rats
65 creatures vanquished.

Notes
Turn   | Place    | Note
-------+----------+-------------------------------------------
     0 | D:1      | qw the Minotaur Hunter began the quest for the Orb.
     0 | D:1      | Reached XP level 1. HP: 18/18 MP: 0/0
     0 | D:1      | 0 ||| qw: Version: 0.2-a-122-g1db1318
     0 | D:1      | 0 ||| qw: Game counter: 3243
     0 | D:1      | 0 ||| qw: Always use a shield: true
     0 | D:1      | 0 ||| qw: God list: Okawaru
     0 | D:1      | 0 ||| qw: Allow faded altars: false
     0 | D:1      | 0 ||| qw: Do Orc after D:15 true
     0 | D:1      | 0 ||| qw: Do second Lair branch before Depths: true
     0 | D:1      | 0 ||| qw: Lair rune preference: random
     0 | D:1      | 0 ||| qw: Plans: Normal
     0 | D:1      | 0 ||| PLANNING D:1-11
   534 | D:1      | 534 ||| UPGRADING to +0 ring mail.
   544 | D:1      | 544 ||| DROPPING +0 leather armour.
   545 | D:1      | 545 ||| READING 3 scrolls labelled ETTOAH KAMATZOBLAY.
   550 | D:1      | 550 ||| READING scroll labelled FUMAQY FUEXALE.
   551 | D:1      | 551 ||| READING scroll labelled EZOINK LEQIEM.
   552 | D:1      | 552 ||| READING scroll labelled KASIKE BANIN.
   553 | D:1      | 553 ||| READING 2 scrolls labelled ZANLUO LUGOE.
   554 | D:1      | 554 ||| DROPPING scroll of butterflies.
   555 | D:1      | 555 ||| DROPPING scroll of fog.
   572 | D:2      | Reached XP level 2. HP: 25/25 MP: 1/1
   593 | D:2      | Reached skill level 1 in Armour
   621 | D:2      | Reached skill level 5 in Ranged Weapons
   653 | D:2      | Reached skill level 3 in Fighting
   805 | D:2      | Reached XP level 3. HP: 31/31 MP: 2/2
   875 | D:2      | Found Oppew's Jewellery Boutique.
   881 | D:2      | 881 ||| SHOPLISTING +5 ring of evasion (432 gold, have 90).
   881 | D:2      | 881 ||| SHOPLISTING +6 ring of strength (432 gold, have
                  | 90).
   881 | D:2      | 881 ||| SHOPLISTING amulet of faith (480 gold, have 90).
   881 | D:2      | 881 ||| SHOPLISTING amulet of reflection (360 gold, have
                  | 90).
   881 | D:2      | 881 ||| SHOPLISTING ring "Jeq Duipe" {rF+ Int+3 Dex+2} (510
                  | gold, have 90).
   881 | D:2      | 881 ||| SHOPLISTING ring of positive energy (240 gold, have
                  | 90).
  1268 | D:2      | 1268 ||| UPGRADING to amulet of guardian spirit.
  1273 | D:2      | 1273 ||| READING scroll labelled DEIB MUQEGYIT.
  1274 | D:2      | 1274 ||| READING scroll labelled VIGOTO ZUXEL.
  1309 | D:3      | Identified the +7 long sword of the Land of Plenty {flame,
                  | rN+}
  1357 | D:3      | Found a faded altar of an unknown god.
  1428 | D:3      | HP: 7/31 [orc priest/nerve-wracking pain (11)]
  1429 | D:3      | 1429 ||| READING 2 scrolls of teleportation.
  1431 | D:3      | Reached skill level 6 in Ranged Weapons
  1431 | D:3      | Reached XP level 4. HP: 7/38 MP: 1/3
  1491 | D:3      | 1491 ||| FLEEEEING.
  1493 | D:3      | 1493 ||| FLEEEEING.
  1494 | D:3      | 1494 ||| FLEEEEING.
  1552 | D:3      | Noticed Sigmund
  1569 | D:3      | HP: 6/38 [Sigmund/puff of flame (7)]
  1570 | D:3      | 1570 ||| READING scroll of teleportation.
  1807 | D:3      | Killed Sigmund
  1808 | D:3      | Reached XP level 5. HP: 24/50 MP: 2/4
  2142 | D:3      | 2142 ||| UPGRADING to ring of see invisible.
  2143 | D:3      | 2143 ||| DRINKING 2 puce potions.
  2144 | D:3      | 2144 ||| READING 2 scrolls of identify.
  2144 | D:3      | 2144 ||| IDENTIFYING clear potion
  2145 | D:3      | 2145 ||| DRINKING potion of experience.
  2145 | D:3      | Reached skill level 14 in Ranged Weapons
  2145 | D:3      | Reached XP level 6. HP: 57/57 MP: 5/5
  2167 | D:4      | 2167 ||| PLANNING OSSUARY
  2175 | D:4      | Found a blossoming altar of Fedhas.
  2226 | D:4      | Found Tolyac's Book Shop.
  2250 | D:4      | Reached XP level 7. HP: 62/62 MP: 6/6
  2256 | D:4      | 2256 ||| Stepping ~*~*~tactically~*~*~ (outnumbered).
  2257 | D:4      | 2257 ||| Stepping ~*~*~tactically~*~*~ (outnumbered).
  2260 | D:4      | 2260 ||| Stepping ~*~*~tactically~*~*~ (outnumbered).
  2279 | D:4      | HP: 13/62 [gnoll/+0 halberd (12)]
  2280 | D:4      | 2280 ||| READING scroll of teleportation.
  2284 | D:4      | HP: 7/62 [gnoll/+0 spear (1)]
  2284 | D:4      | Slain by a gnoll

Levels and vault maps discovered:
D:1:      dpeg_arrival_radiant, layout_rooms, kennysheep_small_spiral,
          minmay_pentomino_s2
D:2:      cheibrodos_helix_gallery, layout_basic, serial_shops, shop,
          amcnicky_mini_pool_small
D:3:      layout_basic, basic_ecumenical_altar, uniq_sigmund
D:4:      layout_rooms, mainiacjoe_overflow_six_doors_small, serial_shops,
          kennysheep_mini, enter_ossuary_5

Skill      XL: |  1  2  3  4  5 |
---------------+----------------+-----
Armour         | 1 |  1.1
Ranged Weapons | 5 6 14 | 14.0
Fighting       | 3 5 |  5.8
Dodging        | |  2.8
Stealth        | |  0.7

Action                     |  1- 3 |  4- 6 |  7- 9 || total
---------------------------+-------+-------+-------++-------
   Fire: Shortbow          |   117 |    57 |    30 ||   204
    Use: Scroll            |     8 |     2 |     1 ||    11
         Potion            |       |     2 |       ||     2
 Armour: Leather armour    |     4 |       |       ||     4
         Ring mail         |    10 |     6 |     3 ||    19
  Dodge: Dodged            |    28 |     9 |    22 ||    59

Table legend:
 A = Non-vault XP
 B = Vault XP
 C = Vault XP percentage of total XP
 D = Non-vault monster count
 E = Vault monster count
 F = Vault count percentage of total count
                 A         B        C        D         E       F
            +---------+---------+-------+---------+---------+-------
      Total |     256 |     230 |  47.3 |      60 |       5 |   7.7
            +---------+---------+-------+---------+---------+-------
        D:1 |       7 |       4 |  36.4 |       4 |       2 |  33.3
        D:2 |      57 |       3 |   5.0 |      24 |       2 |   7.7
        D:3 |      84 |     223 |  72.6 |      25 |       1 |   3.8
        D:4 |     108 |       0 |   0.0 |       7 |       0 |   0.0
            +---------+---------+-------+---------+---------+-------
